 Dungeon Crawl Stone Soup version 0.22-a0-322-g60b3cfd (webtiles) character file.

51 b5mith the Stinger (level 3, -1/24 HPs)
             Began as a Merfolk Venom Mage on Apr 2, 2018.
             Slain by an adder (4 damage)
             ... on level 3 of the Dungeon.
             The game lasted 00:09:48 (2245 turns).

b5mith the Stinger (Merfolk Venom Mage)             Turns: 2245, Time: 00:09:48

Health: -1/24      AC:  2    Str:  8    XL:     3   Next: 81%
Magic:  5/6        EV: 13    Int: 15    God:
Gold:   66         SH:  0    Dex: 14    Spells: 3/6 levels left

rFire    . . .     SeeInvis .   (no weapon)
rCold    . . .     Gourm    .   (no shield)
rNeg     . . .     Faith    .   a - +0 robe
rPois    .         Spirit   .   (no helmet)
rElec    .         Reflect  .   (no cloak)
rCorr    .         Harm     .   (no gloves)
MR       .....                  (no boots)
Stlth    ++........             (no amulet)
HPRegen  0.08/turn              (no ring)
MPRegen  0.10/turn              (no ring)

@: lethally poisoned (-1 -> -8)
A: change form in water, swift swim, stealthy swim
a: no special abilities


You were on level 3 of the Dungeon.
You were hungry.

You visited 1 branch of the dungeon, and saw 4 of its levels.

You collected 66 gold pieces.

Inventory:

Missiles
 j - 6 poisoned javelins (quivered)
Armour
 a - a +0 robe (worn)
Scrolls
 g - a scroll of remove curse {@r2}
Potions
 b - a potion of curing {unknown}
 d - a potion of agility {unknown}
 e - a potion of heal wounds
 f - a potion of berserk rage {unknown}
 k - a potion of magic {unknown}
 n - a potion of resistance {unknown}
Comestibles
 c - 3 rations


   Skills:
 + Level 3.3 Dodging
 + Level 2.8 Stealth
 + Level 2.4 Spellcasting
 + Level 1.3 Conjurations
 + Level 3.7 Poison Magic


You had 3 spell levels left.
You knew the following spells:

 Your Spells              Type           Power        Failure   Level  Hunger
a - Sting                 Conj/Pois      #...         8%          1    #......
b - Poisonous Vapours     Pois/Air       #.....       16%         2    ###....


Dungeon Overview and Level Annotations

Branches:
Dungeon (4/15)
 Temple: D:4-7

Altars:
Kikubaaqudgha

Annotations:
D:4 Ijyb


Message History

You are more poisoned.
The adder poisons you!
There is an escape hatch in the ceiling here.
* * * LOW HITPOINT WARNING * * *
You feel sick. The adder closely misses you. The adder completely misses you.
A mysterious force pulls you upwards. The hatch slams shut behind you.
A giant cockroach comes into view.
* * * LOW HITPOINT WARNING * * *
You feel sick.
Found a ration.
Sorry, you're not good enough to have a special ability.
Casting: Sting (safe; 8% risk of failure)
Confirm with . or Enter, or press ? or * to list all spells.
Aiming: Sting (safe; 8% risk of failure)
Press: ? - help, Shift-Dir - straight line, f - adder
Aim: an adder The sting hits the adder.
The adder is poisoned.
The adder is moderately wounded.
The adder bites you.
You die...

.# .. .# .# s#
.# ###
########.#...%.
.......@S......
##.####........
####..... .###
#


You could see an adder and a giant cockroach.

Vanquished Creatures
  A gnoll (D:1)
  An adder (D:2)
  2 dart slugs
  A leopard gecko (D:1)
  2 giant cockroaches
  2 goblins (D:1)
  4 hobgoblins (D:1)
  A kobold (D:1)
  A ball python (D:2)
  5 bats
  5 frilled lizards
  3 rats
28 creatures vanquished.

Notes
Turn   | Place    | Note
-------+----------+-------------------------------------------
     0 | D:1      | b5mith the Merfolk Venom Mage began the quest for the Orb.
     0 | D:1      | Reached XP level 1. HP: 13/13 MP: 3/3
   270 | D:1      | Reached skill level 1 in Conjurations
   270 | D:1      | Reached XP level 2. HP: 19/19 MP: 0/5
   331 | D:1      | Learned a level 2 spell: Poisonous Vapours
  1073 | D:1      | Reached XP level 3. HP: 11/24 MP: 2/6
  1995 | D:2      | Found an ancient bone altar of Kikubaaqudgha.
  2087 | D:2      | You fall through a shaft for 2 floors!
  2090 | D:4      | Noticed Ijyb
  2245 | D:3      | Slain by an adder

Vault maps used:
D:1:      minmay_arrival_widening_spiral_wide
D:2:      kiku_gazebo_garden_becter, first_ration
D:3:      nicolae_ru_awakened_eye, kennysheep_doodads, uniq_grinder,
          uniq_natasha
D:4:      lemuel_round_altar, serial_shops, kennysheep_mini_moat,
          minmay_item_behind_shaft, kennysheep_path_1, patterned_corridor,
          uniq_sigmund, uniq_ijyb

Skill      XL: |  1  2 |
---------------+-------+-----
Conjurations   | 1 |  1.3
Dodging        | 3 |  3.3
Stealth        | |  2.8
Spellcasting   | |  2.4
Poison Magic   | |  3.7

Action                   || total
-------------------------++-------
Melee: Unarmed           ||    11
 Cast: Sting             ||    46
       Poisonous Vapours ||    17
  Use: Scroll            ||     4
       Potion            ||     1
  Eat: Chunk             ||     2
       Ration            ||     1
Armor: Robe              ||    25
Dodge: Dodged            ||    89

Table legend:
 A = Spawn XP
 B = Non-spawn XP
 C = Spawn XP percentage of total XP
 D = Spawn monster count
 E = Non-spawn monster count
 F = Spawn count percentage of total count
 G = Total turns spent on level
                    A         B        C        D         E        F      G
               +---------+---------+-------+---------+---------+-------+---------
         Total |       0 |      73 |   0.0 |       0 |      28 |   0.0 |  2245
               +---------+---------+-------+---------+---------+-------+---------
           D:1 |       0 |      45 |   0.0 |       0 |      17 |   0.0 |  1472
           D:2 |       0 |      28 |   0.0 |       0 |      11 |   0.0 |   615
               +---------+---------+-------+---------+---------+-------+---------
